 Dungeon Crawl Stone Soup version 0.30.0-19-gbf45117a57 (webtiles) character file.

Game seed: 7464824158465973362

126019 qw the Peltast (level 16, -10/101 HPs)
             Began as a Gargoyle Fighter on May 24, 2023.
             Was an Elder of Okawaru.
             Mangled by a naga warrior
             ... wielding a +0 scimitar
              (20 damage)
             ... on level 3 of the Snake Pit.
             The game lasted 00:14:40 (26073 turns).

qw the Peltast (Gargoyle Fighter)                  Turns: 26073, Time: 00:14:41

Health: -10/101    AC: 37    Str: 31    XL:     16   Next: 97%
Magic:  22/23      EV: 18    Int:  9    God:    Okawaru [****..]
Gold:   724        SH: 22    Dex: 12    Spells: 15/15 levels left

rFire   + . .        n - +2 broad axe (flame)
rCold   . . .        l - +0 tower shield
rNeg    + . .        o - +0 plate armour
rPois   inf          e - +0 helmet
rElec   +            a - +0 cloak of Creativity {Str+3 Dex+3 SInv}
rCorr   .            A - +1 pair of gloves
SInv    +            m - +0 pair of boots
Will    +....        y - amulet "Qikh" {Acrobat +Inv rF+ SInv} Stlth
                     B - +5 ring of evasion
HPRegen 0.36/turn    E - +5 ring of evasion
MPRegen 0.18/turn

%: acrobat
@: about to teleport, heroic, flying, constricted
A: sickness immunity, AC +12, big wings, negative energy resistance 1,
electricity resistance, torment resistance 1, petrification resistance
a: Renounce Religion, Evoke Invisibility, Heroism, Finesse


You were on level 3 of the Snake Pit.
You worshipped Okawaru.
Okawaru was greatly pleased with you.
You visited 5 branches of the dungeon, and saw 26 of its levels.

You collected 2720 gold pieces.
You spent 1996 gold pieces at shops.


Innate Abilities, Weirdness & Mutations

You are immune to sickness and miasma.
Your stone body is resilient. (AC +12)
You are immune to poison.
Your large and strong wings let you fly.
You resist negative energy. (rN+)
You are resistant to electric shocks. (rElec)
You are resistant to unholy torment.
You are immune to petrification.


   Skills:
 - Level 12.0(17.0) Fighting
 + Level 16.2(21.2) Axes
 - Level 7.0(12.0) Throwing
 - Level 12.0(17.0) Armour
 - Level 4.1(9.1) Dodging
 - Level 17.0(22.0) Shields
 - Level 10.0 Invocations


You had 15 spell levels left.
You didn't know any spells.
Your spell library was empty.

Inventory:

Hand Weapons
 n - a +2 broad axe of flaming (weapon)
Missiles
 b - 3 javelins
 i - 2 silver javelins (quivered)
 j - 16 boomerangs
Armour
 a - the +0 cloak of Creativity (worn) {Str+3 Dex+3 SInv}
   (You acquired it on level 5 of the Dungeon)

   Str:       It affects your strength (+3).
   Dex:       It affects your dexterity (+3).
   SInv:      It lets you see invisible.
 e - a +0 helmet (worn)
 l - a +0 tower shield (worn)
 m - a +0 pair of boots (worn)
 o - a +0 plate armour (worn)
 x - a +1 chain mail of fire resistance
 A - a +1 pair of gloves (worn)
 F - the +0 kite shield of Nameof {Will+ Regen+ rCorr}
   (Okawaru gifted it to you on level 13 of the Dungeon)

   Regen:     It increases your rate of health regeneration.
   rCorr:     It protects you from acid and corrosion.
   Will:      It increases your willpower.
Jewellery
 w - a ring of ice
 y - the amulet "Qikh" (around neck) {Acrobat +Inv rF+ SInv}
   (You found it on level 4 of the Lair of Beasts)

   [amulet of the acrobat]

   It increases your evasion while moving and waiting.
   rF:        It protects you from fire.
   SInv:      It lets you see invisible.
   +Inv:      It lets you turn invisible.
 z - a ring of resist corrosion
 B - a +5 ring of evasion (left hand)
 C - a ring of resist corrosion
 E - a +5 ring of evasion (right hand)
 G - the amulet "Peky Fedd" {Spirit Rampage rCorr}
   (You bought it in a shop on level 2 of the Orcish Mines)

   [amulet of guardian spirit]

   It causes incoming damage to be divided between your reserves of health and
   magic.
   rCorr:     It protects you from acid and corrosion.
   Rampage:   It bestows one free step when moving towards enemies.
 H - an amulet of reflection
 I - a ring of protection from cold
Wands
 u - a wand of digging (7)
Scrolls
 c - 10 scrolls of teleportation
 h - 16 scrolls of identify
Potions
 d - 7 potions of might
 f - 5 potions of attraction
 g - 5 potions of heal wounds
 k - 9 potions of curing
 p - 2 potions of resistance
 q - 3 potions of magic
 r - 4 potions of haste
 t - 2 potions of mutation
 v - a potion of cancellation
 D - a potion of lignification

Dungeon Overview and Level Annotations

Branches:
Dungeon (15/15) Temple (1/1) D:4 Lair (5/5) D:10 Swamp (0/4) Lair:3 Snake (3/4) Lair:3 Slime (0/5) Lair:4 Orc (2/2) D:10 Elf (0/3) Orc:2 Vaults (0/5) D:12 D:13 Depths (0/4) D:15

Altars:
Ashenzari
Cheibriados
Dithmenos
Elyvilon
Fedhas
Gozag
Hepliaklqana
Kikubaaqudgha
Makhleb
Nemelex Xobeh
Okawaru
Qazlal
Ru
Sif Muna
Trog
Uskayaw
Vehumet
Wu Jian
Xom
Yredelemnul
Zin
The Shining One
Jiyva

Shops:
D:8 (   Orc:2 (:*=

Annotations:
D:3 1 runed translucent door, Crazy Yiuf
D:11 2 runed translucent doors
D:13 2 runed translucent doors
D:15 3 runed translucent doors, qw's ghost, journeyman GrFi
Lair:1 3 runed translucent doors, qw's ghost, journeyman GrFi
Lair:2 1 runed translucent door, Junaliek's ghost, journeyman MiFi


Message History

The naga warrior blocks your attack.
The naga warrior is heavily wounded.
The naga warrior hits you with a +0 scimitar!!
You block the naga warrior's attack.
You slash the naga warrior! You burn the naga warrior.
The naga warrior is severely wounded.
You block the naga's attack. You block the naga warrior's attack.
The naga warrior grabs you. The naga warrior constricts you.
The naga warrior blocks your attack.
The naga warrior is severely wounded.
The naga hits you from afar with a +0 trident.
The naga warrior roars a battlecry!
The naga goes into a battle-frenzy!
The naga warrior blocks your attack.
The naga warrior is severely wounded.
The naga warrior no longer looks unusually strong.
The naga warrior hits you with a +0 scimitar.
The naga warrior constricts you. The naga spits poison at you.
The splash of poison hits you but does no damage.
You resist. The naga warrior blocks your attack.
The naga warrior is severely wounded.
The naga warrior spits poison at you. You block the splash of poison.
The naga warrior spits poison at you. The splash of poison misses you.
The naga warrior constricts you.
You hit the naga warrior. You burn the naga warrior.
The naga warrior is severely wounded.
The naga closely misses you. You block the naga warrior's attack.
The naga warrior constricts you.
You hit the naga warrior. You burn the naga warrior.
The naga warrior is almost dead.
You slash the naga warrior! You burn the naga warrior.
The naga hits you from afar with a +0 trident!!
26073 ||| READING 11 scrolls of teleportation.
As you read the scroll of teleportation, it crumbles to dust.
You feel strangely unstable.
The naga warrior hits you with a +0 scimitar!!
You die...

### #...
#... #..#
#...#
##....##
##.)..(.#
#%@N#
#)N.#
#..N##
#...#
#...#
#...#
#...#
#...#


You could see 2 naga warriors and a naga (strong).

Vanquished Creatures
  Rupert (Lair:3)
  Kirke (D:12)
  A nagaraja (Snake:2)
  Aizul (Snake:1)
  Nessos (D:15)
  Snorg (Lair:3)
  Josephine (Lair:3)
  Fannar (Lair:3)
  A salamander tyrant (Snake:2)
  5 catoblepae
  4 naga warriors
  6 anacondas
  11 centaur warriors
  4 boulder beetles
  5 two-headed ogres
  6 hydras
  10 death yaks
  5 shock serpents (Snake:2)
  Nergalle (D:12)
  4 orc high priests (Orc:2)
  4 naga sharpshooters
  2 skysharks
  A sea snake (Snake:3)
  2 wizards (D:15)
  A naga ritualist (Snake:1)
  2 orc knights
  2 deep elf pyromancers
  A necromancer (D:15)
  5 mana vipers
  26 ugly things
  5 orc sorcerers
  8 salamanders
  3 cyclopes
  4 manticores
  A centaur zombie (D:15)
  A guardian serpent (Snake:1)
  14 black mambas
  5 naga magi
  14 elephants
  A torpor snail (Lair:5)
  A gargoyle (D:11)
  A komodo dragon (shapeshifter) (D:15)
  11 cane toads
  A centaur skeleton (D:15)
  5 komodo dragons
  2 rime drakes
  A freezing wraith (D:14)
  2 kobold demonologists
  3 trolls
  A polar bear (Lair:2)
  A hornet (D:10)
  A tyrant leech (Lair:3)
  2 wolf spider simulacra
  Prince Ribbit (D:6)
  9 blink frogs
  5 dream sheep (Lair:3)
  Sigmund (D:5)
  A shadow (D:6)
  3 slime creatures (D:13)
  A centaur simulacrum (D:15)
  A vampire (D:9)
  7 wraiths
  2 water elementals (D:14)
  7 basilisks
  66 yaks
  4 wyverns
  17 humans
  2 steam dragons
  3 hogs
  Menkaure (D:7)
  13 vampire mosquitoes
  2 wargs
  A swamp worm (Lair:3)
  An acid dragon (D:11)
  21 nagas
  13 water moccasins
  2 black bears
  2 sky beasts
  An ice beast (D:6)
  27 orc warriors
  12 ogres
  4 wolves (Lair:5)
  17 centaurs
  2 phantoms (D:5)
  5 gnoll sergeants
  14 kobold brigands
  8 bullfrogs
  5 scorpions
  11 wights
  6 killer bees (D:8)
  4 electric eels
  3 howler monkeys
  A hound (D:5)
  34 orc priests
  27 orc wizards
  A sleepcap (D:5)
  4 iguanas
  17 hell rats
  6 gnolls
  11 river rats (Lair:1)
  7 adders
  2 shadow imps
  2 white imps (D:7)
  An ufetubus (D:4)
  5 worms
  5 dart slugs
  81 orcs
  6 bats
  10 endoplasms
  4 giant cockroaches
  11 goblins
  7 hobgoblins
  2 jackals (D:5)
  8 quokkas
  13 ball pythons
  2 frilled lizards
  29 kobolds
  20 rats
825 creatures vanquished.

Vanquished Creatures (others)
  2 humans (D:13)
  An orc priest (Orc:2)
3 creatures vanquished.

Grand Total: 828 creatures vanquished

Notes
Turn   | Place    | Note
-------+----------+-------------------------------------------
     0 | D:1      | qw the Gargoyle Fighter began the quest for the Orb.
     0 | D:1      | Reached XP level 1. HP: 14/14 MP: 1/1
     0 | D:1      | 0 ||| qw: Version: 0.2-a-98-g5d7165a
     0 | D:1      | 0 ||| qw: Game counter: 58
     0 | D:1      | 0 ||| qw: Always use a shield: true
     0 | D:1      | 0 ||| qw: God list: Okawaru
     0 | D:1      | 0 ||| qw: Allow faded altars: false
     0 | D:1      | 0 ||| qw: Do Orc after D:15 true
     0 | D:1      | 0 ||| qw: Do second Lair branch before Depths: true
     0 | D:1      | 0 ||| qw: Lair rune preference: random
     0 | D:1      | 0 ||| qw: Plans: Normal, Zot:1-4, God:TSO, Crypt, Tomb,
                  | Pan, Slime:5, Hells, Abyss, Win
     0 | D:1      | 0 ||| PLANNING D:1-11
    35 | D:1      | 35 ||| Stepping ~*~*~tactically~*~*~ (water).
   104 | D:1      | Reached XP level 2. HP: 19/19 MP: 2/2
   107 | D:1      | 107 ||| Stepping ~*~*~tactically~*~*~ (hiding).
   168 | D:1      | 168 ||| Stepping ~*~*~tactically~*~*~ (hiding).
   309 | D:1      | 309 ||| Stepping ~*~*~tactically~*~*~ (stealth).
   319 | D:1      | Reached skill level 3 in Axes
   379 | D:1      | 379 ||| DROPPING +0 club.
   390 | D:1      | Reached XP level 3. HP: 23/23 MP: 3/3
   451 | D:1      | 451 ||| Stepping ~*~*~tactically~*~*~ (stealth).
   690 | D:1      | 690 ||| READING scroll labelled HIMERO NEULIR.
   691 | D:1      | 691 ||| READING scroll labelled ELIFRU FUHESMAI.
   707 | D:2      | 707 ||| STAIRDANCE
   829 | D:2      | Found a faded altar of an unknown god.
   856 | D:2      | 856 ||| Stepping ~*~*~tactically~*~*~ (hiding).
  1034 | D:2      | 1034 ||| Stepping ~*~*~tactically~*~*~ (water).
  1199 | D:2      | Reached XP level 4. HP: 28/28 MP: 4/4
  1450 | D:2      | 1450 ||| Stepping ~*~*~tactically~*~*~ (water).
  1771 | D:2      | 1771 ||| UPGRADING to +0 helmet.
  1776 | D:2      | 1776 ||| DROPPING amulet of faith.
  1993 | D:3      | Noticed a scorpion
  2003 | D:3      | Killed a scorpion
  2004 | D:3      | Reached XP level 5. HP: 31/32 MP: 5/5
  2065 | D:3      | Found a runed translucent door.
  2066 | D:3      | Noticed Crazy Yiuf
  2105 | D:3      | 2105 ||| DROPPING +0 whip.
  2274 | D:3      | 2274 ||| Stepping ~*~*~tactically~*~*~ (hiding).
  2317 | D:3      | 2317 ||| Stepping ~*~*~tactically~*~*~ (stealth).
  2578 | D:3      | Identified the +2 leather armour "Xylucsah" {Dex+3}
  2904 | D:3      | Reached XP level 6. HP: 38/38 MP: 6/6
  3011 | D:3      | 3011 ||| UPGRADING to +0 pair of boots.
  3016 | D:3      | 3016 ||| DROPPING +2 leather armour "Xylucsah" {Dex+3}.
  3017 | D:3      | 3017 ||| READING scroll labelled WOYFAE YKLU.
  3018 | D:3      | 3018 ||| READING scroll labelled WYLOOSO SECE.
  3067 | D:3      | 3067 ||| READING scroll labelled TIJUEV QEOTO.
  3068 | D:3      | 3068 ||| READING scroll labelled AGYZXY AHEPN.
  3169 | D:3      | 3169 ||| READING 3 scrolls labelled CEDAATIGE.
  3170 | D:3      | 3170 ||| READING scroll labelled NOASKOE MEQAD.
  3171 | D:3      | 3171 ||| READING scroll labelled VYMIUJ RYUROU.
  3172 | D:3      | 3172 ||| DRINKING 2 pink potions.
  3173 | D:3      | 3173 ||| READING 4 scrolls of identify.
  3173 | D:3      | 3173 ||| IDENTIFYING bubbling blue potion
  3174 | D:3      | 3174 ||| DROPPING potion of brilliance.
  3175 | D:3      | 3175 ||| DROPPING 2 scrolls of summoning.
  3218 | D:4      | Reached skill level 1 in Dodging
  3418 | D:4      | Found a white marble altar of Elyvilon.
  3452 | D:4      | 3452 ||| Stepping ~*~*~tactically~*~*~ (hiding).
  3455 | D:4      | 3455 ||| Stepping ~*~*~tactically~*~*~ (hiding).
  3598 | D:4      | Reached skill level 6 in Axes
  3664 | D:4      | Found a sparkling altar of Nemelex Xobeh.
  3788 | D:4      | 3788 ||| Stepping ~*~*~tactically~*~*~ (stealth).
  3789 | D:4      | 3789 ||| Stepping ~*~*~tactically~*~*~ (stealth).
  3810 | D:4      | Reached XP level 7. HP: 24/43 MP: 7/7
  3811 | D:4      | 3811 ||| DRINKING potion of curing.
  3811 | D:4      | 3811 ||| (to cure confusion)
  4015 | D:4      | Found a staircase to the Ecumenical Temple.
  4016 | D:4      | 4016 ||| PLANNING TEMPLE
  4016 | D:4      | 4016 ||| UPGRADING to ring of willpower.
  4017 | D:4      | 4017 ||| READING 3 scrolls of identify.
  4017 | D:4      | 4017 ||| IDENTIFYING red potion
  4018 | D:4      | 4018 ||| READING 2 scrolls of identify.
  4018 | D:4      | 4018 ||| IDENTIFYING grey potion
  4027 | Temple   | Entered the Ecumenical Temple
  4031 | Temple   | 4031 ||| PLANNING OKAWARU WORSHIP
  4190 | Temple   | Became a worshipper of Warmaster Okawaru
  4190 | Temple   | 4190 ||| PLANNING D:1-11
  4337 | D:5      | Entered Level 5 of the Dungeon
  4392 | D:5      | Noticed Sigmund
  4401 | D:5      | Killed Sigmund
  4444 | D:5      | 4444 ||| Stepping ~*~*~tactically~*~*~ (stealth).
  4445 | D:5      | 4445 ||| Stepping ~*~*~tactically~*~*~ (stealth).
  4499 | D:5      | 4499 ||| Stepping ~*~*~tactically~*~*~ (hiding).
  4508 | D:5      | Reached * piety under Okawaru
  4509 | D:5      | Reached XP level 8. HP: 40/49 MP: 8/8
  4543 | D:5      | 4543 ||| Stepping ~*~*~tactically~*~*~ (hiding).
  4670 | D:5      | Reached skill level 1 in Invocations
  4806 | D:5      | 4806 ||| INVOKING Heroism.
  4812 | D:5      | Reached skill level 1 in Throwing
  4948 | D:5      | 4948 ||| Stepping ~*~*~tactically~*~*~ (water).
  5316 | D:5      | 5316 ||| UPGRADING to +6 ring of strength.
  5317 | D:5      | 5317 ||| READING scroll labelled JUEROYCHOG.
  5317 | D:5      | Identified a scroll of acquirement
  5317 | D:5      | 5317 ||| ACQUIRING +0 cloak of Creativity {Str+3 Dex+3
                  | SInv}
  5317 | D:5      | Acquired the +0 cloak of Creativity {Str+3 Dex+3 SInv}
  5319 | D:5      | 5319 ||| UPGRADING to +0 cloak of Creativity {Str+3 Dex+3
                  | SInv}.
  5324 | D:5      | 5324 ||| READING scroll labelled WUAFOE UMNOASH.
  5325 | D:5      | 5325 ||| READING 2 scrolls of identify.
  5325 | D:5      | 5325 ||| IDENTIFYING metallic yellow potion
  5326 | D:5      | 5326 ||| DROPPING potion of flight.
  5366 | D:6      | 5366 ||| Stepping ~*~*~tactically~*~*~ (hiding).
  5536 | D:6      | 5536 ||| INVOKING Heroism.
  5538 | D:6      | Noticed Prince Ribbit
  5549 | D:6      | Killed Prince Ribbit
  5550 | D:6      | Reached skill level 3 in Invocations
  5642 | D:6      | 5642 ||| Stepping ~*~*~tactically~*~*~ (hiding).
  5644 | D:6      | 5644 ||| Stepping ~*~*~tactically~*~*~ (hiding).
  5648 | D:6      | 5648 ||| INVOKING Heroism.
  5653 | D:6      | Reached skill level 6 in Fighting
  5676 | D:6      | 5676 ||| Stepping ~*~*~tactically~*~*~ (hiding).
  5682 | D:6      | 5682 ||| INVOKING Heroism.
  5703 | D:6      | 5703 ||| DROPPING +0 flail.
  5819 | D:6      | Reached XP level 9. HP: 55/55 MP: 12/12
  5844 | D:6      | 5844 ||| Stepping ~*~*~tactically~*~*~ (hiding).
  5845 | D:6      | 5845 ||| Stepping ~*~*~tactically~*~*~ (hiding).
  5846 | D:6      | 5846 ||| Stepping ~*~*~tactically~*~*~ (hiding).
  5864 | D:6      | 5864 ||| Stepping ~*~*~tactically~*~*~ (stealth).
  6092 | D:6      | 6092 ||| UPGRADING to +0 plate armour.
  6102 | D:6      | 6102 ||| DROPPING +0 scale mail.
  6103 | D:6      | 6103 ||| READING 2 scrolls of identify.
  6103 | D:6      | 6103 ||| IDENTIFYING silvery potion
  6116 | D:7      | 6116 ||| Stepping ~*~*~tactically~*~*~ (hiding).
  6119 | D:7      | 6119 ||| INVOKING Heroism.
  6213 | D:7      | 6213 ||| Stepping ~*~*~tactically~*~*~ (stealth).
  6214 | D:7      | 6214 ||| INVOKING Heroism.
  6317 | D:7      | 6317 ||| Stepping ~*~*~tactically~*~*~ (stealth).
  6336 | D:7      | 6336 ||| Stepping ~*~*~tactically~*~*~ (hiding).
  6338 | D:7      | 6338 ||| Stepping ~*~*~tactically~*~*~ (hiding).
  6372 | D:7      | Reached skill level 9 in Axes
  6387 | D:7      | Noticed Menkaure
  6388 | D:7      | 6388 ||| INVOKING Heroism.
  6392 | D:7      | Killed Menkaure
  6393 | D:7      | Reached skill level 4 in Shields
  6635 | D:7      | 6635 ||| Stepping ~*~*~tactically~*~*~ (hiding).
  6636 | D:7      | 6636 ||| Stepping ~*~*~tactically~*~*~ (hiding).
  6888 | D:7      | 6888 ||| DROPPING ring of flight.
  6974 | D:8      | 6974 ||| INVOKING Heroism.
  6978 | D:8      | Reached skill level 6 in Armour
  7010 | D:8      | Reached ** piety under Okawaru
  7021 | D:8      | 7021 ||| Stepping ~*~*~tactically~*~*~ (stealth).
  7023 | D:8      | 7023 ||| Stepping ~*~*~tactically~*~*~ (hiding).
  7025 | D:8      | 7025 ||| Stepping ~*~*~tactically~*~*~ (hiding).
  7028 | D:8      | 7028 ||| INVOKING Heroism.
  7211 | D:8      | Found Wuogox's Antique Weapon Shop.
  7217 | D:8      | 7217 ||| BUYING broad axe (96 gold).
  7217 | D:8      | Bought a broad axe for 96 gold pieces
  7217 | D:8      | 7217 ||| SWAPPING to +0 broad axe.
  7218 | D:8      | 7218 ||| DROPPING +1 war axe.
  7278 | D:8      | Reached XP level 10. HP: 53/63 MP: 13/13
  7288 | D:8      | 7288 ||| INVOKING Heroism.
  7361 | D:8      | 7361 ||| UPGRADING to +0 tower shield.
  7362 | D:8      | 7362 ||| UPGRADING to +0 tower shield.
  7372 | D:8      | 7372 ||| DROPPING +0 buckler.
  7373 | D:8      | 7373 ||| READING scroll labelled JAIKA LISI.
  7543 | D:8      | 7543 ||| INVOKING Heroism.
  7546 | D:8      | Reached skill level 5 in Shields
  7782 | D:8      | 7782 ||| Stepping ~*~*~tactically~*~*~ (hiding).
  7783 | D:8      | 7783 ||| Stepping ~*~*~tactically~*~*~ (hiding).
  7787 | D:8      | Noticed a boulder beetle
  7788 | D:8      | 7788 ||| INVOKING Heroism.
  7801 | D:8      | Reached skill level 6 in Shields
  7811 | D:8      | Killed a boulder beetle
  7812 | D:8      | Reached skill level 7 in Shields
  7917 | D:8      | 7917 ||| READING scroll of enchant weapon.
  7917 | D:8      | 7917 ||| ENCHANTING +0 broad axe.
  8013 | D:8      | 8013 ||| READING scroll labelled XEIZIDW HATILODIKA.
  8014 | D:8      | 8014 ||| READING scroll labelled URCHEY CIKU.
  8040 | D:9      | 8040 ||| Stepping ~*~*~tactically~*~*~ (hiding).
  8041 | D:9      | 8041 ||| Stepping ~*~*~tactically~*~*~ (hiding).
  8042 | D:9      | 8042 ||| Stepping ~*~*~tactically~*~*~ (stealth).
  8061 | D:9      | Reached *** piety under Okawaru
  8071 | D:9      | Reached skill level 8 in Shields
  8073 | D:9      | 8073 ||| INVOKING Heroism.
  8195 | D:9      | Noticed a two-headed ogre
  8197 | D:9      | 8197 ||| INVOKING Heroism.
  8198 | D:9      | 8198 ||| Stepping ~*~*~tactically~*~*~ (stealth).
  8206 | D:9      | Killed a two-headed ogre
  8207 | D:9      | Reached skill level 9 in Shields
  8207 | D:9      | Reached XP level 11. HP: 48/67 MP: 12/14
  8218 | D:9      | 8218 ||| INVOKING Heroism.
  8220 | D:9      | Reached skill level 10 in Shields
  8325 | D:9      | 8325 ||| Stepping ~*~*~tactically~*~*~ (hiding).
  8334 | D:9      | 8334 ||| Stepping ~*~*~tactically~*~*~ (stealth).
  8353 | D:9      | 8353 ||| Stepping ~*~*~tactically~*~*~ (hiding).
  8354 | D:9      | 8354 ||| Stepping ~*~*~tactically~*~*~ (hiding).
  8364 | D:9      | 8364 ||| Stepping ~*~*~tactically~*~*~ (stealth).
  8369 | D:9      | 8369 ||| Stepping ~*~*~tactically~*~*~ (stealth).
  8370 | D:9      | 8370 ||| Stepping ~*~*~tactically~*~*~ (stealth).
  8371 | D:9      | 8371 ||| Stepping ~*~*~tactically~*~*~ (hiding).
  8494 | D:9      | 8494 ||| Stepping ~*~*~tactically~*~*~ (stealth).
  8503 | D:9      | 8503 ||| Stepping ~*~*~tactically~*~*~ (hiding).
  8505 | D:9      | 8505 ||| Stepping ~*~*~tactically~*~*~ (hiding).
  8506 | D:9      | 8506 ||| Stepping ~*~*~tactically~*~*~ (hiding).
  8507 | D:9      | 8507 ||| Stepping ~*~*~tactically~*~*~ (hiding).
  8510 | D:9      | 8510 ||| Stepping ~*~*~tactically~*~*~ (hiding).
  8511 | D:9      | 8511 ||| INVOKING Heroism.
  8529 | D:9      | 8529 ||| Stepping ~*~*~tactically~*~*~ (stealth).
  8531 | D:9      | 8531 ||| Stepping ~*~*~tactically~*~*~ (stealth).
  8539 | D:9      | 8539 ||| Stepping ~*~*~tactically~*~*~ (stealth).
  8821 | D:10     | Entered Level 10 of the Dungeon
  8826 | D:10     | 8826 ||| Stepping ~*~*~tactically~*~*~ (cloud).
  8827 | D:10     | 8827 ||| Stepping ~*~*~tactically~*~*~ (cloud).
  8830 | D:10     | 8830 ||| INVOKING Heroism.
  8936 | D:10     | 8936 ||| INVOKING Heroism.
  8943 | D:10     | Reached skill level 11 in Shields
  8966 | D:10     | Found a staircase to the Lair.
  8988 | D:10     | Reached **** piety under Okawaru
  9177 | D:10     | Found a staircase to the Orcish Mines.
  9178 | D:10     | 9178 ||| INVOKING Heroism.
  9196 | D:10     | Reached skill level 12 in Shields
  9198 | D:10     | 9198 ||| INVOKING Heroism.
  9217 | D:10     | 9217 ||| INVOKING Heroism.
  9528 | D:10     | 9528 ||| INVOKING Heroism.
  9676 | D:10     | 9676 ||| Stepping ~*~*~tactically~*~*~ (hiding).
  9691 | D:10     | 9691 ||| Stepping ~*~*~tactically~*~*~ (stealth).
  9693 | D:10     | 9693 ||| Stepping ~*~*~tactically~*~*~ (stealth).
  9695 | D:10     | 9695 ||| Stepping ~*~*~tactically~*~*~ (hiding).
  9704 | D:10     | 9704 ||| Stepping ~*~*~tactically~*~*~ (stealth).
  9705 | D:10     | 9705 ||| Stepping ~*~*~tactically~*~*~ (stealth).
  9722 | D:10     | 9722 ||| Stepping ~*~*~tactically~*~*~ (stealth).
  9724 | D:10     | 9724 ||| Stepping ~*~*~tactically~*~*~ (stealth).
  9740 | D:10     | Reached skill level 6 in Invocations
  9817 | D:10     | Noticed a two-headed ogre
  9818 | D:10     | 9818 ||| INVOKING Heroism.
  9826 | D:10     | Killed a two-headed ogre
 10081 | D:10     | 10081 ||| PLANNING LAIR
 10081 | D:10     | 10081 ||| DROPPING +1 hat.
 10082 | D:10     | 10082 ||| READING 3 scrolls of identify.
 10082 | D:10     | 10082 ||| IDENTIFYING white potion
 10083 | D:10     | 10083 ||| DROPPING potion of ambrosia.
 10116 | Lair:1   | Entered Level 1 of the Lair of Beasts
 10150 | Lair:1   | Reached XP level 12. HP: 57/72 MP: 17/17
 10209 | Lair:1   | Noticed a seven-headed hydra
 10210 | Lair:1   | Found a runed translucent gate.
 10210 | Lair:1   | Found a runed translucent gate.
 10210 | Lair:1   | Found a runed translucent gate.
 10210 | Lair:1   | Noticed qw's ghost (journeyman GrFi)
 10228 | Lair:1   | Reached skill level 13 in Shields
 10303 | Lair:1   | 10303 ||| Stepping ~*~*~tactically~*~*~ (stealth).
 10304 | Lair:1   | 10304 ||| INVOKING Heroism.
 10325 | Lair:1   | 10325 ||| Stepping ~*~*~tactically~*~*~ (hiding).
 10425 | Lair:1   | 10425 ||| INVOKING Heroism.
 10520 | Lair:1   | 10520 ||| INVOKING Heroism.
 10797 | Lair:1   | 10797 ||| INVOKING Heroism.
 10851 | Lair:1   | 10851 ||| Stepping ~*~*~tactically~*~*~ (stealth).
 10877 | Lair:1   | 10877 ||| Stepping ~*~*~tactically~*~*~ (stealth).
 11554 | Lair:2   | Identified the +6 morningstar of Wu Jian's Indignation
                  | {speed, Str-3 Dex+4 SInv}
 11556 | Lair:2   | 11556 ||| DROPPING +0 morningstar.
 11573 | Lair:2   | Reached ***** piety under Okawaru
 11603 | Lair:2   | 11603 ||| INVOKING Heroism.
 11648 | Lair:2   | 11648 ||| Stepping ~*~*~tactically~*~*~ (stealth).
 11663 | Lair:2   | Reached skill level 9 in Invocations
 11767 | Lair:2   | 11767 ||| INVOKING Heroism.
 11861 | Lair:2   | Identified the +9 quarterstaff "Cetroqeo" {heavy, *Slow
                  | rElec rPois}
 11883 | Lair:2   | Noticed a death yak
 11884 | Lair:2   | 11884 ||| INVOKING Heroism.
 11885 | Lair:2   | 11885 ||| INVOKING Finesse.
 11895 | Lair:2   | Killed a death yak
 11948 | Lair:2   | Noticed a death yak
 11948 | Lair:2   | Noticed a seven-headed hydra
 11949 | Lair:2   | 11949 ||| INVOKING Heroism.
 11952 | Lair:2   | 11952 ||| SWAPPING to +6 morningstar of Wu Jian's
                  | Indignation {speed, Str-3 Dex+4 SInv}.
 11955 | Lair:2   | Killed a seven-headed hydra
 11956 | Lair:2   | 11956 ||| SWAPPING to +1 broad axe.
 11962 | Lair:2   | Killed a death yak
 12059 | Lair:2   | 12059 ||| READING scroll labelled IWNESA PUCY.
 12065 | Lair:2   | Noticed a death yak
 12066 | Lair:2   | 12066 ||| INVOKING Heroism.
 12067 | Lair:2   | 12067 ||| INVOKING Finesse.
 12068 | Lair:2   | 12068 ||| INVOKING Finesse.
 12082 | Lair:2   | Killed a death yak
 12231 | Lair:2   | Found a runed translucent door.
 12231 | Lair:2   | Noticed Junaliek's ghost (journeyman MiFi)
 12378 | Lair:2   | 12378 ||| Stepping ~*~*~tactically~*~*~ (stealth).
 12394 | Lair:2   | Reached XP level 13. HP: 71/78 MP: 20/20
 12486 | Lair:2   | 12486 ||| READING 7 scrolls of identify.
 12486 | Lair:2   | 12486 ||| IDENTIFYING fuming orange potion
 12487 | Lair:2   | 12487 ||| READING 6 scrolls of identify.
 12487 | Lair:2   | 12487 ||| IDENTIFYING sedimented cyan potion
 12488 | Lair:2   | 12488 ||| READING 5 scrolls of identify.
 12488 | Lair:2   | 12488 ||| IDENTIFYING dark potion
 12498 | Lair:3   | 12498 ||| STAIRDANCE
 12500 | Lair:2   | Received a gift from Okawaru
 12535 | Lair:3   | Noticed Snorg
 12536 | Lair:3   | 12536 ||| INVOKING Heroism.
 12537 | Lair:3   | 12537 ||| INVOKING Finesse.
 12538 | Lair:3   | 12538 ||| INVOKING Finesse.
 12553 | Lair:3   | Killed Snorg
 12636 | Lair:3   | 12636 ||| INVOKING Heroism.
 12771 | Lair:3   | 12771 ||| INVOKING Heroism.
 12772 | Lair:3   | 12772 ||| Stepping ~*~*~tactically~*~*~ (hiding).
 12774 | Lair:3   | 12774 ||| Stepping ~*~*~tactically~*~*~ (hiding).
 12862 | Lair:3   | Found a staircase to the Swamp.
 12945 | Lair:3   | Reached skill level 9 in Fighting
 12946 | Lair:3   | 12946 ||| Stepping ~*~*~tactically~*~*~ (stealth).
 12947 | Lair:3   | 12947 ||| Stepping ~*~*~tactically~*~*~ (stealth).
 12951 | Lair:3   | 12951 ||| Stepping ~*~*~tactically~*~*~ (stealth).
 13037 | Lair:3   | Noticed Rupert
 13038 | Lair:3   | 13038 ||| INVOKING Heroism.
 13067 | Lair:3   | Killed Rupert
 13067 | Lair:3   | Received a gift from Okawaru
 13068 | Lair:3   | Reached skill level 14 in Shields
 13269 | Lair:3   | Noticed Josephine
 13290 | Lair:3   | 13290 ||| INVOKING Heroism.
 13293 | Lair:3   | Killed Josephine
 13315 | Lair:3   | 13315 ||| INVOKING Heroism.
 13356 | Lair:3   | 13356 ||| Stepping ~*~*~tactically~*~*~ (stealth).
 13372 | Lair:3   | 13372 ||| Stepping ~*~*~tactically~*~*~ (stealth).
 13472 | Lair:3   | Found a staircase to the Snake Pit.
 13478 | Lair:3   | 13478 ||| INVOKING Heroism.
 13488 | Lair:3   | 13488 ||| Stepping ~*~*~tactically~*~*~ (cloud).
 13538 | Lair:3   | Noticed Fannar
 13569 | Lair:3   | Killed Fannar
 13772 | Lair:3   | Reached skill level 12 in Axes
 13862 | Lair:4   | Found a staircase to the Slime Pits.
 13941 | Lair:4   | Identified the amulet "Qikh" {Acrobat +Inv rF+ SInv}
 14071 | Lair:4   | 14071 ||| Stepping ~*~*~tactically~*~*~ (stealth).
 14072 | Lair:4   | 14072 ||| Stepping ~*~*~tactically~*~*~ (stealth).
 14087 | Lair:4   | 14087 ||| INVOKING Heroism.
 14102 | Lair:4   | Reached skill level 9 in Armour
 14274 | Lair:4   | 14274 ||| READING scroll of enchant weapon.
 14274 | Lair:4   | 14274 ||| ENCHANTING +1 broad axe.
 14591 | Lair:4   | 14591 ||| UPGRADING to +0 pair of gloves.
 14596 | Lair:4   | 14596 ||| UPGRADING to amulet "Qikh" {Acrobat +Inv rF+
                  | SInv}.
 14601 | Lair:4   | 14601 ||| UPGRADING to +5 ring of evasion.
 14603 | Lair:4   | 14603 ||| DROPPING ring of willpower.
 14604 | Lair:4   | 14604 ||| READING scroll labelled ICKIGR ZUBEEG.
 14690 | Lair:5   | Entered Level 5 of the Lair of Beasts
 14691 | Lair:5   | 14691 ||| INVOKING Heroism.
 14726 | Lair:5   | Reached skill level 3 in Dodging
 14927 | Lair:5   | Gained mutation: Your large and strong wings let you fly.
                  | [Gargoyle growth]
 14927 | Lair:5   | Reached XP level 14. HP: 88/88 MP: 21/21
 14976 | Lair:5   | 14976 ||| INVOKING Heroism.
 14977 | Lair:5   | 14977 ||| INVOKING Finesse.
 14984 | Lair:5   | 14984 ||| SWAPPING to +6 morningstar of Wu Jian's
                  | Indignation {speed, Str-3 Dex+4 SInv}.
 14987 | Lair:5   | 14987 ||| SWAPPING to +2 broad axe.
 15018 | Lair:5   | 15018 ||| Stepping ~*~*~tactically~*~*~ (stealth).
 15019 | Lair:5   | 15019 ||| Stepping ~*~*~tactically~*~*~ (stealth).
 15054 | Lair:5   | 15054 ||| Stepping ~*~*~tactically~*~*~ (stealth).
 15070 | Lair:5   | 15070 ||| INVOKING Heroism.
 15071 | Lair:5   | 15071 ||| INVOKING Finesse.
 15080 | Lair:5   | 15080 ||| SWAPPING to +6 morningstar of Wu Jian's
                  | Indignation {speed, Str-3 Dex+4 SInv}.
 15084 | Lair:5   | 15084 ||| SWAPPING to +2 broad axe.
 15104 | Lair:5   | 15104 ||| Stepping ~*~*~tactically~*~*~ (stealth).
 15130 | Lair:5   | 15130 ||| Stepping ~*~*~tactically~*~*~ (stealth).
 15140 | Lair:5   | 15140 ||| Stepping ~*~*~tactically~*~*~ (stealth).
 15141 | Lair:5   | 15141 ||| Stepping ~*~*~tactically~*~*~ (stealth).
 15142 | Lair:5   | 15142 ||| INVOKING Heroism.
 15326 | Lair:5   | 15326 ||| INVOKING Heroism.
 15402 | Lair:5   | 15402 ||| Stepping ~*~*~tactically~*~*~ (stealth).
 15477 | Lair:5   | 15477 ||| INVOKING Heroism.
 15638 | Lair:5   | 15638 ||| INVOKING Heroism.
 15639 | Lair:5   | 15639 ||| INVOKING Finesse.
 15690 | Lair:5   | 15690 ||| Stepping ~*~*~tactically~*~*~ (hiding).
 15691 | Lair:5   | 15691 ||| Stepping ~*~*~tactically~*~*~ (hiding).
 15693 | Lair:5   | 15693 ||| INVOKING Heroism.
 15706 | Lair:5   | Reached skill level 15 in Shields
 15746 | Lair:5   | 15746 ||| Stepping ~*~*~tactically~*~*~ (stealth).
 15748 | Lair:5   | 15748 ||| Stepping ~*~*~tactically~*~*~ (stealth).
 15751 | Lair:5   | 15751 ||| INVOKING Heroism.
 15773 | Lair:5   | 15773 ||| INVOKING Finesse.
 16009 | Lair:5   | 16009 ||| INVOKING Heroism.
 16032 | Lair:5   | Identified the +0 glaive of Lies {distort, +Blink rF-
                  | Dex+4}
 16035 | Lair:5   | Identified the amulet of Conflict {Acrobat Dex+3}
 16081 | Lair:5   | 16081 ||| Stepping ~*~*~tactically~*~*~ (stealth).
 16083 | Lair:5   | 16083 ||| INVOKING Heroism.
 16480 | Lair:5   | 16480 ||| PLANNING D:1-11
 16602 | D:11     | Reached skill level 3 in Throwing
 16726 | D:11     | Found a runed translucent door.
 16728 | D:11     | Found a runed translucent door.
 16772 | D:11     | 16772 ||| Stepping ~*~*~tactically~*~*~ (hiding).
 17038 | D:11     | 17038 ||| INVOKING Heroism.
 17239 | D:11     | 17239 ||| PLANNING D
 17239 | D:11     | 17239 ||| READING 9 scrolls of identify.
 17239 | D:11     | 17239 ||| IDENTIFYING bubbling brown potion
 17391 | D:12     | 17391 ||| Stepping ~*~*~tactically~*~*~ (stealth).
 17393 | D:12     | 17393 ||| Stepping ~*~*~tactically~*~*~ (hiding).
 17400 | D:12     | Noticed Nergalle
 17419 | D:12     | Killed Nergalle
 18086 | D:13     | Noticed Kirke
 18086 | D:13     | Found a gate to the Vaults.
 18087 | D:13     | 18087 ||| INVOKING Heroism.
 18088 | D:13     | 18088 ||| INVOKING Finesse.
 18090 | D:13     | Received a gift from Okawaru
 18098 | D:13     | Reached XP level 15. HP: 85/92 MP: 15/22
 18101 | D:13     | 18101 ||| SWAPPING to +6 morningstar of Wu Jian's
                  | Indignation {speed, Str-3 Dex+4 SInv}.
 18114 | D:13     | 18114 ||| STAIRDANCE
 18131 | D:12     | 18131 ||| SWAPPING to +2 broad axe.
 18133 | D:12     | Received a gift from Okawaru
 18144 | D:12     | Killed Kirke
 18305 | D:13     | 18305 ||| INVOKING Heroism.
 18309 | D:13     | Identified the +0 kite shield of Nameof {Will+ Regen+
                  | rCorr} (Okawaru gifted it to you on level 13 of the
                  | Dungeon)
 18309 | D:13     | Received a gift from Okawaru
 18322 | D:13     | 18322 ||| STAIRDANCE
 18489 | D:13     | 18489 ||| INVOKING Heroism.
 18618 | D:13     | Reached skill level 16 in Shields
 18700 | D:13     | 18700 ||| Stepping ~*~*~tactically~*~*~ (stealth).
 18785 | D:13     | Found a runed translucent door.
 18786 | D:13     | Found a runed translucent door.
 18930 | D:13     | Found an iron altar of Okawaru.
 19030 | D:13     | 19030 ||| READING scroll labelled APHIPNAA EMICWISH.
 19100 | D:14     | 19100 ||| INVOKING Heroism.
 19153 | D:14     | 19153 ||| INVOKING Heroism.
 19157 | D:14     | HP: 13/94 [white ugly thing (13)]
 19158 | D:14     | 19158 ||| READING 11 scrolls of teleportation.
 19159 | D:14     | 19159 ||| DRINKING 7 potions of heal wounds.
 19206 | D:14     | 19206 ||| INVOKING Heroism.
 19229 | D:14     | 19229 ||| Stepping ~*~*~tactically~*~*~ (stealth).
 19232 | D:14     | 19232 ||| Stepping ~*~*~tactically~*~*~ (stealth).
 19233 | D:14     | 19233 ||| Stepping ~*~*~tactically~*~*~ (stealth).
 19390 | D:14     | 19390 ||| INVOKING Heroism.
 19391 | D:14     | 19391 ||| SWAPPING to +6 morningstar of Wu Jian's
                  | Indignation {speed, Str-3 Dex+4 SInv}.
 19398 | D:14     | 19398 ||| SWAPPING to +2 broad axe.
 19551 | D:14     | 19551 ||| Stepping ~*~*~tactically~*~*~ (stealth).
 19556 | D:14     | 19556 ||| INVOKING Heroism.
 20085 | D:14     | 20085 ||| DROPPING +0 chain mail of fire resistance.
 20094 | D:15     | Entered Level 15 of the Dungeon
 20098 | D:15     | 20098 ||| STAIRDANCE
 20156 | D:15     | 20156 ||| INVOKING Heroism.
 20163 | D:15     | Reached skill level 15 in Axes
 20194 | D:15     | Received a gift from Okawaru
 20258 | D:15     | Found a burning altar of Makhleb.
 20452 | D:15     | 20452 ||| INVOKING Heroism.
 20455 | D:15     | 20455 ||| SWAPPING to +6 morningstar of Wu Jian's
                  | Indignation {speed, Str-3 Dex+4 SInv}.
 20460 | D:15     | 20460 ||| SWAPPING to +2 broad axe.
 20594 | D:15     | 20594 ||| Stepping ~*~*~tactically~*~*~ (hiding).
 20598 | D:15     | 20598 ||| Stepping ~*~*~tactically~*~*~ (hiding).
 20609 | D:15     | Received a gift from Okawaru
 20625 | D:15     | 20625 ||| DROPPING +2 war axe of venom.
 20638 | D:15     | Noticed Nessos
 20639 | D:15     | 20639 ||| Stepping ~*~*~tactically~*~*~ (hiding).
 20640 | D:15     | 20640 ||| Stepping ~*~*~tactically~*~*~ (hiding).
 20643 | D:15     | 20643 ||| INVOKING Finesse.
 20645 | D:15     | 20645 ||| Stepping ~*~*~tactically~*~*~ (hiding).
 20646 | D:15     | 20646 ||| Stepping ~*~*~tactically~*~*~ (hiding).
 20657 | D:15     | Killed Nessos
 20825 | D:15     | Reached skill level 12 in Fighting
 20825 | D:15     | Reached XP level 16. HP: 101/101 MP: 23/23
 20826 | D:15     | 20826 ||| Stepping ~*~*~tactically~*~*~ (stealth).
 20828 | D:15     | 20828 ||| Stepping ~*~*~tactically~*~*~ (hiding).
 20906 | D:15     | 20906 ||| INVOKING Heroism.
 20908 | D:15     | 20908 ||| Stepping ~*~*~tactically~*~*~ (hiding).
 20935 | D:15     | 20935 ||| Stepping ~*~*~tactically~*~*~ (stealth).
 20974 | D:15     | Found a staircase to the Depths.
 21042 | D:15     | Found a runed translucent gate.
 21042 | D:15     | Noticed an azure jelly
 21042 | D:15     | Noticed an azure jelly
 21043 | D:15     | Found a runed translucent gate.
 21043 | D:15     | Found a runed translucent gate.
 21043 | D:15     | Noticed a rockslime
 21044 | D:15     | Noticed qw's ghost (journeyman GrFi)
 21217 | D:15     | Found a viscous altar of Jiyva.
 21218 | D:15     | 21218 ||| PLANNING ORC
 21320 | Orc:1    | Entered Level 1 of the Orcish Mines
 21442 | Orc:1    | 21442 ||| Stepping ~*~*~tactically~*~*~ (hiding).
 21654 | Orc:2    | Entered Level 2 of the Orcish Mines
 21731 | Orc:2    | 21731 ||| Stepping ~*~*~tactically~*~*~ (stealth).
 21732 | Orc:2    | 21732 ||| Stepping ~*~*~tactically~*~*~ (stealth).
 21733 | Orc:2    | 21733 ||| Stepping ~*~*~tactically~*~*~ (hiding).
 21734 | Orc:2    | 21734 ||| Stepping ~*~*~tactically~*~*~ (hiding).
 21808 | Orc:2    | 21808 ||| DRINKING 9 potions of curing.
 21808 | Orc:2    | 21808 ||| (to cure confusion)
 21809 | Orc:2    | 21809 ||| Stepping ~*~*~tactically~*~*~ (hiding).
 21910 | Orc:2    | 21910 ||| Stepping ~*~*~tactically~*~*~ (stealth).
 21919 | Orc:2    | 21919 ||| Stepping ~*~*~tactically~*~*~ (stealth).
 21989 | Orc:2    | 21989 ||| INVOKING Heroism.
 21995 | Orc:2    | HP: 22/101 [orc high priest/nerve-wracking pain (6)]
 21996 | Orc:2    | 21996 ||| READING 11 scrolls of teleportation.
 21997 | Orc:2    | 21997 ||| DRINKING 7 potions of heal wounds.
 21999 | Orc:2    | 21999 ||| DRINKING 6 potions of heal wounds.
 22071 | Orc:2    | 22071 ||| Stepping ~*~*~tactically~*~*~ (stealth).
 22072 | Orc:2    | 22072 ||| INVOKING Heroism.
 22105 | Orc:2    | 22105 ||| Stepping ~*~*~tactically~*~*~ (stealth).
 22108 | Orc:2    | 22108 ||| Stepping ~*~*~tactically~*~*~ (stealth).
 22152 | Orc:2    | 22152 ||| Stepping ~*~*~tactically~*~*~ (stealth).
 22185 | Orc:2    | 22185 ||| Stepping ~*~*~tactically~*~*~ (stealth).
 22187 | Orc:2    | 22187 ||| Stepping ~*~*~tactically~*~*~ (stealth).
 22196 | Orc:2    | 22196 ||| Stepping ~*~*~tactically~*~*~ (stealth).
 22197 | Orc:2    | 22197 ||| Stepping ~*~*~tactically~*~*~ (stealth).
 22204 | Orc:2    | 22204 ||| INVOKING Heroism.
 22215 | Orc:2    | 22215 ||| Stepping ~*~*~tactically~*~*~ (hiding).
 22222 | Orc:2    | 22222 ||| Stepping ~*~*~tactically~*~*~ (hiding).
 22231 | Orc:2    | 22231 ||| Stepping ~*~*~tactically~*~*~ (hiding).
 22237 | Orc:2    | 22237 ||| INVOKING Heroism.
 22247 | Orc:2    | 22247 ||| Stepping ~*~*~tactically~*~*~ (hiding).
 22253 | Orc:2    | 22253 ||| DRINKING 8 potions of curing.
 22253 | Orc:2    | 22253 ||| (to cure confusion)
 22262 | Orc:2    | 22262 ||| Stepping ~*~*~tactically~*~*~ (stealth).
 22280 | Orc:2    | 22280 ||| Stepping ~*~*~tactically~*~*~ (stealth).
 22281 | Orc:2    | 22281 ||| Stepping ~*~*~tactically~*~*~ (stealth).
 22282 | Orc:2    | 22282 ||| INVOKING Heroism.
 22308 | Orc:2    | Found Toumpuxa's Book Emporium.
 22308 | Orc:2    | Found Moim Jeu's Antique Weapon Emporium.
 22315 | Orc:2    | Found Bopafuj's Assorted Antiques.
 22319 | Orc:2    | Found Qaola's Jewellery Shoppe.
 22322 | Orc:2    | 22322 ||| Stepping ~*~*~tactically~*~*~ (stealth).
 22325 | Orc:2    | 22325 ||| BUYING +5 ring of evasion (432 gold).
 22325 | Orc:2    | Bought a +5 ring of evasion for 432 gold pieces
 22325 | Orc:2    | 22325 ||| BUYING amulet "Peky Fedd" {Spirit Rampage rCorr}
                  | (511 gold).
 22325 | Orc:2    | Bought the amulet "Peky Fedd" {Spirit Rampage rCorr} for
                  | 511 gold pieces
 22325 | Orc:2    | 22325 ||| BUYING amulet of reflection (360 gold).
 22325 | Orc:2    | Bought an amulet of reflection for 360 gold pieces
 22325 | Orc:2    | 22325 ||| BUYING ring of protection from cold (300 gold).
 22325 | Orc:2    | Bought a ring of protection from cold for 300 gold pieces
 22325 | Orc:2    | 22325 ||| Stepping ~*~*~tactically~*~*~ (stealth).
 22326 | Orc:2    | 22326 ||| BUYING 2 potions of might (216 gold).
 22326 | Orc:2    | Bought 2 potions of might for 216 gold pieces
 22326 | Orc:2    | 22326 ||| BUYING potion of curing (81 gold).
 22326 | Orc:2    | Bought a potion of curing for 81 gold pieces
 22327 | Orc:2    | 22327 ||| SHOPLISTING runed morningstar (189 gold, have
                  | 20).
 22339 | Orc:2    | 22339 ||| Stepping ~*~*~tactically~*~*~ (stealth).
 22341 | Orc:2    | 22341 ||| Stepping ~*~*~tactically~*~*~ (stealth).
 22343 | Orc:2    | 22343 ||| Stepping ~*~*~tactically~*~*~ (hiding).
 22371 | Orc:2    | 22371 ||| INVOKING Heroism.
 22387 | Orc:2    | 22387 ||| Stepping ~*~*~tactically~*~*~ (hiding).
 22400 | Orc:2    | 22400 ||| Stepping ~*~*~tactically~*~*~ (hiding).
 22409 | Orc:2    | 22409 ||| Stepping ~*~*~tactically~*~*~ (hiding).
 22461 | Orc:2    | 22461 ||| Stepping ~*~*~tactically~*~*~ (stealth).
 22462 | Orc:2    | 22462 ||| Stepping ~*~*~tactically~*~*~ (stealth).
 22463 | Orc:2    | 22463 ||| Stepping ~*~*~tactically~*~*~ (stealth).
 22469 | Orc:2    | 22469 ||| Stepping ~*~*~tactically~*~*~ (stealth).
 22470 | Orc:2    | 22470 ||| INVOKING Heroism.
 22489 | Orc:2    | Found a staircase to the Elven Halls.
 22627 | Orc:2    | 22627 ||| DROPPING amulet of Conflict {Acrobat Dex+3}.
 22628 | Orc:2    | 22628 ||| DROPPING ring of see invisible.
 22629 | Orc:2    | 22629 ||| UPGRADING to +5 ring of evasion.
 22631 | Orc:2    | 22631 ||| DROPPING +6 ring of strength.
 22640 | Orc:2    | 22640 ||| Stepping ~*~*~tactically~*~*~ (stealth).
 22642 | Orc:2    | 22642 ||| Stepping ~*~*~tactically~*~*~ (stealth).
 22643 | Orc:2    | 22643 ||| Stepping ~*~*~tactically~*~*~ (hiding).
 22666 | Orc:1    | 22666 ||| Stepping ~*~*~tactically~*~*~ (hiding).
 22675 | Orc:1    | 22675 ||| Stepping ~*~*~tactically~*~*~ (hiding).
 22676 | Orc:1    | 22676 ||| Stepping ~*~*~tactically~*~*~ (hiding).
 23085 | Orc:2    | 23085 ||| PLANNING SNAKE:1-3
 23233 | Snake:1  | Entered Level 1 of the Snake Pit
 23234 | Snake:1  | 23234 ||| INVOKING Heroism.
 23259 | Snake:1  | Identified the +1 leather armour of the Northern Lights
                  | {Dex+5}
 23259 | Snake:1  | Noticed Aizul
 23290 | Snake:1  | 23290 ||| INVOKING Heroism.
 23293 | Snake:1  | Killed Aizul
 23316 | Snake:1  | 23316 ||| Stepping ~*~*~tactically~*~*~ (stealth).
 23317 | Snake:1  | 23317 ||| Stepping ~*~*~tactically~*~*~ (stealth).
 23340 | Snake:1  | 23340 ||| Stepping ~*~*~tactically~*~*~ (stealth).
 23497 | Snake:1  | 23497 ||| INVOKING Heroism.
 23526 | Snake:1  | 23526 ||| Stepping ~*~*~tactically~*~*~ (hiding).
 23628 | Snake:1  | 23628 ||| READING scroll of enchant armour.
 23628 | Snake:1  | 23628 ||| ENCHANTING +0 pair of gloves.
 23733 | Snake:1  | 23733 ||| Stepping ~*~*~tactically~*~*~ (hiding).
 23745 | Snake:1  | 23745 ||| Stepping ~*~*~tactically~*~*~ (hiding).
 23751 | Snake:1  | 23751 ||| INVOKING Heroism.
 23786 | Snake:1  | 23786 ||| INVOKING Heroism.
 23795 | Snake:1  | Reached skill level 12 in Armour
 24105 | Snake:2  | Received a gift from Okawaru
 24337 | Snake:2  | 24337 ||| Stepping ~*~*~tactically~*~*~ (hiding).
 24360 | Snake:2  | 24360 ||| INVOKING Heroism.
 24539 | Snake:2  | 24539 ||| Stepping ~*~*~tactically~*~*~ (hiding).
 24616 | Snake:2  | 24616 ||| INVOKING Heroism.
 24746 | Snake:2  | 24746 ||| INVOKING Heroism.
 24755 | Snake:2  | Received a gift from Okawaru
 24756 | Snake:2  | Reached skill level 6 in Throwing
 24895 | Snake:2  | 24895 ||| READING scroll of brand weapon.
 24895 | Snake:2  | 24895 ||| BRANDING +2 broad axe.
 24896 | Snake:2  | 24896 ||| DROPPING +6 morningstar of Wu Jian's Indignation
                  | {speed, Str-3 Dex+4 SInv}.
 25037 | Snake:2  | Reached skill level 17 in Shields
 25084 | Snake:2  | 25084 ||| Stepping ~*~*~tactically~*~*~ (hiding).
 25319 | Snake:2  | Noticed a nagaraja
 25320 | Snake:2  | 25320 ||| Stepping ~*~*~tactically~*~*~ (hiding).
 25322 | Snake:2  | 25322 ||| Stepping ~*~*~tactically~*~*~ (hiding).
 25326 | Snake:2  | 25326 ||| INVOKING Heroism.
 25337 | Snake:2  | Killed a nagaraja
 25875 | Snake:3  | 25875 ||| STAIRDANCE
 26056 | Snake:3  | Received a gift from Okawaru
 26065 | Snake:3  | 26065 ||| INVOKING Heroism.
 26072 | Snake:3  | HP: 10/101 [naga/+0 trident (22)]
 26073 | Snake:3  | 26073 ||| READING 11 scrolls of teleportation.
 26073 | Snake:3  | Mangled by a naga warrior

Levels and vault maps discovered:
D:1:      lightli_arrival_isolated_outpost, layout_basic, st_stairs_13
D:2:      layout_loops_corners, chequers_ecumenical_altar_island, serial_bayou,
          serial_bayou_pond_c, serial_bayou_lagoon_b, serial_bayou_pond_b,
          serial_bayou_lake_a
D:3:      layout_basic, grunt_ministairs_10, supply_closet_lemuel,
          uniq_crazy_yiuf_cottage, uniq_jessica
D:4:      layout_rooms, marbit_many_paths, nemelex_diamond_rough_becter,
          lemuel_temple_firewalk_b, minmay_statues_item
D:5:      layout_loops_ring, corexii_checkpoint_a, serial_bayou_pond_c,
          uniq_sigmund
D:6:      layout_loops_cross, grunt_decor_cap, uniq_prince_ribbit1
D:7:      layout_cave_pools, uniq_menkaure
D:8:      kennysheep_blocky_room, layout_rooms, serial_shops, shop, minmay_puff
D:9:      layout_cave_pools, kennysheep_cluttered_room, serial_park_tiny_2
D:10:     layout_basic, due_lair_maze_entry_diamond,
          kennysheep_orc_monster_closet_entryway, enter_bailey_7,
          grunt_ministairs_2, kennysheep_generic_room_9
D:11:     lemuel_insect_pit, layout_cave_pools
D:12:     layout_loops_ring, kennysheep_generic_room_12, uniq_nergalle
D:13:     minmay_the_grid_triangle_9x9_rhombus_full
          [minmay_the_grid_triangle_9x9_zippers_vertical,
          minmay_the_grid_triangle_9x9_cache,
          minmay_the_grid_triangle_9x9_descending_squares,
          minmay_the_grid_triangle_9x9_tough_junction,
          minmay_the_grid_triangle_9x9_wacky_v,
          minmay_the_grid_triangle_9x9_minimal,
          minmay_the_grid_triangle_9x9_swiss_cheese,
          minmay_the_grid_triangle_9x9_prize_special], layout_rooms,
          david_vaults_3, okawaru_metal_pillars_1_2, uniq_kirke
D:14:     nicolae_moon_pools, layout_gridville, hellmonk_bongcloud_opening
D:15:     grunt_enter_depths_magical_seal, layout_irregular_city,
          gammafunk_ghost_ooze, bloody_makhleb, uniq_nessos
Temple:   nicolae_temple_bog_church
Lair:1:   lemuel_ratsnest, layout_cave_pods, gammafunk_ghost_split
Lair:2:   layout_loops_ring, ebering_ghost_inner_flame, minmay_shattered_shrine
Lair:3:   layout_chaotic_city, minmay_swamp_entry_worms,
          minmay_snake_entry_guardpost_small, uniq_josephine, uniq_snorg,
          uniq_rupert, uniq_fannar
Lair:4:   layout_hall_layers, slime_entry_1
Lair:5:   evilmike_catoblepas_cave, layout_regular_city
Snake:1:  layout_grid_shapes, serial_bayou_shore_b, grunt_megastairs_3,
          serial_bayou_shore_a, uniq_aizul
Snake:2:  layout_chambers
Snake:3:  layout_concentric_octagons, serial_bayou, serial_bayou_pond_c,
          serial_bayou_ford_a, serial_bayou_pond_e, serial_bayou_pond_d,
          st_stairs_5, beargit_elvish_explorers
Orc:1:    layout_caves
Orc:2:    st_orc_mages, layout_diamond_mine, basic_altar

Skill      XL: |  1  2  3  4  5  6  7  8  9 10 11 12 13 14 15 16 |
---------------+-------------------------------------------------+-----
Axes           | 2 3 4 5 6 7 8 9 10 11 12 14 15 16 | 16.2
Fighting       | 4 5 6 7 8 10 12 | 12.0
Dodging        | 1 2 3 4 |  4.1
Invocations    | 4 6 10 | 10.0
Throwing       | 1 2 4 5 7 |  7.0
Armour         | 6 7 9 10 11 12 | 12.0
Shields        | 4 9 12 13 14 15 16 17 | 17.0

Action                     |  1- 3 |  4- 6 |  7- 9 | 10-12 | 13-15 | 16-18 || total
---------------------------+-------+-------+-------+-------+-------+-------++-------
  Melee: War axe           |   104 |   155 |   211 |       |       |       ||   470
         Broad axe         |       |       |     9 |   579 |   996 |   637 ||  2221
         Morningstar       |       |       |       |     3 |    42 |       ||    45
  Throw: Boomerang         |       |     6 |    59 |    85 |    97 |    46 ||   293
         Javelin           |       |       |       |       |    58 |    43 ||   101
 Invoke: Heroism           |       |       |     9 |    23 |    30 |    18 ||    80
         Finesse           |       |       |       |     2 |     7 |       ||     9
    Use: Scroll            |     2 |     8 |     6 |     6 |     8 |     4 ||    34
         Potion            |       |     1 |     1 |       |     1 |     4 ||     7
   Stab: Distracted        |       |       |       |     3 |       |       ||     3
 Armour: Scale mail        |    54 |    65 |    96 |       |       |       ||   215
         Plate armour      |       |       |    38 |   290 |   472 |   143 ||   943
  Dodge: Dodged            |    52 |    59 |    70 |   152 |   371 |   263 ||   967
  Block: Buckler           |    16 |    25 |    30 |     2 |       |       ||    73
         Tower shield      |       |       |       |   536 |   986 |   554 ||  2076

Table legend:
 A = Non-vault XP
 B = Vault XP
 C = Vault XP percentage of total XP
 D = Non-vault monster count
 E = Vault monster count
 F = Vault count percentage of total count
                 A         B        C        D         E       F
            +---------+---------+-------+---------+---------+-------
      Total |  128395 |   51633 |  28.7 |     603 |     221 |  26.8
            +---------+---------+-------+---------+---------+-------
        D:1 |      47 |       1 |   2.1 |      25 |       1 |   3.8
        D:2 |      72 |       4 |   5.3 |      22 |       4 |  15.4
        D:3 |     191 |       4 |   2.1 |      19 |       2 |   9.5
        D:4 |     486 |       2 |   0.4 |      23 |       1 |   4.2
        D:5 |     579 |     244 |  29.6 |      16 |       3 |  15.8
        D:6 |     894 |     277 |  23.7 |      20 |       1 |   4.8
        D:7 |     926 |     175 |  15.9 |      17 |       1 |   5.6
        D:8 |    1576 |    1928 |  55.0 |      22 |      12 |  35.3
        D:9 |    3503 |       0 |   0.0 |      35 |       0 |   0.0
       D:10 |    2672 |    4174 |  61.0 |      21 |      37 |  63.8
       D:11 |    4914 |       0 |   0.0 |      21 |       0 |   0.0
       D:12 |    6773 |    4342 |  39.1 |      22 |       6 |  21.4
       D:13 |    4197 |    4756 |  53.1 |      16 |      19 |  54.3
       D:14 |   16420 |       0 |   0.0 |      36 |       0 |   0.0
       D:15 |   12568 |    5146 |  29.1 |      23 |      10 |  30.3
     Lair:1 |    5100 |     675 |  11.7 |      20 |      36 |  64.3
     Lair:2 |    4841 |    4503 |  48.2 |      16 |       8 |  33.3
     Lair:3 |    5841 |    6544 |  52.8 |      21 |      14 |  40.0
     Lair:4 |    3589 |       0 |   0.0 |       9 |       0 |   0.0
     Lair:5 |   14395 |   11542 |  44.5 |      57 |      23 |  28.8
    Snake:1 |   13762 |    1830 |  11.7 |      32 |       3 |   8.6
    Snake:2 |   17206 |       0 |   0.0 |      26 |       0 |   0.0
    Snake:3 |    3888 |       0 |   0.0 |      11 |       0 |   0.0
      Orc:1 |    1565 |       0 |   0.0 |      33 |       0 |   0.0
      Orc:2 |    2390 |    5486 |  69.7 |      40 |      40 |  50.0
            +---------+---------+-------+---------+---------+-------
